 Dungeon Crawl Stone Soup version 0.26-a0-652-gafc20e3620 (webtiles) character file.

Game seed: 3640853374290177753

164 DogServant the Chopper (level 5, 0/72 HPs)
             Began as a Hill Orc Monk on Oct 2, 2020.
             Was a Believer of Beogh.
             Slain by an ice beast (7 damage)
             ... on level 5 of the Dungeon.
             The game lasted 00:04:35 (3698 turns).

DogServant the Chopper (Hill Orc Monk)              Turns: 3698, Time: 00:04:35

Health: 0/72       AC:  3    Str: 15    XL:     5   Next: 45%
Magic:  5/5        EV: 12    Int: 10    God:    Beogh [**....]
Gold:   146        SH:  0    Dex: 13    Spells: 4/4 levels left

rFire    . . .     SeeInvis .   a - +0 hand axe
rCold    + . .     Faith    .   (no shield)
rNeg     . . .     Spirit   .   c - +0 leather armour
rPois    .         Reflect  .   (no helmet)
rElec    .         Harm     .   (no cloak)
rCorr    .         Rampage  .   (no gloves)
MR       .....                  (no boots)
Stlth    ..........             (no amulet)
HPRegen  0.22/turn              d - +4 ring of slaying
MPRegen  0.09/turn              g - ring of protection from cold

@: berserking, very quick
A: no striking features
a: Smiting, Renounce Religion


You were on level 5 of the Dungeon.
You worshipped Beogh.
Beogh was pleased with you.
You visited 1 branch of the dungeon, and saw 5 of its levels.

You collected 146 gold pieces.

Inventory:

Hand Weapons
 a - a +0 hand axe (weapon)
Armour
 b - a +0 robe
 c - a +0 leather armour (worn)
Jewellery
 d - a +4 ring of slaying (left hand)
 g - a ring of protection from cold (right hand)
Wands
 o - a wand of flame (27)
Scrolls
 e - 2 scrolls of magic mapping {unknown}
 h - a scroll of enchant armour {unknown}
 i - a scroll of amnesia {unknown}
 j - a scroll of noise {unknown}
 k - a scroll of enchant weapon {unknown}
 l - a scroll of identify {unknown}
Potions
 m - a potion of brilliance {unknown}
 n - 3 potions of curing {unknown}


   Skills:
 - Level 5.5 Fighting
 + Level 6.2 Axes
 + Level 0.3 Armour
 - Level 2.4 Dodging
 - Level 1.5 Stealth
 + Level 0.5 Invocations


You had 4 spell levels left.
You didn't know any spells.
Your spell library was empty.

Dungeon Overview and Level Annotations

Branches:
Dungeon (5/15)
 Temple: D:4-7

Altars:

Annotations:
D:3 Sigmund
D:4 Purgy


Message History

You hit the ice beast.
The ice beast is heavily wounded.
The ice beast hits you.
* * * LOW HITPOINT WARNING * * *
The ice beast freezes you. You resist.
* * * LOW HITPOINT WARNING * * *
You closely miss the ice beast.
The ice beast is heavily wounded.
The ice beast hits you.
* * * LOW HITPOINT WARNING * * *
The ice beast freezes you. You resist.
* * * LOW HITPOINT WARNING * * *
You slash the ice beast!
The ice beast is almost dead.
You closely miss the ice beast.
The ice beast is almost dead.
The ice beast hits you.
* * * LOW HITPOINT WARNING * * *
The ice beast freezes you! You resist.
You die...

#. #. #.#######
#....... #......#
#.# #.#
#.###.###..#
#..........#
#@###......# #Y#
######.#
##########.# #
........).!#
##########..(.(.<.
#########


You could see an ice beast.

Vanquished Creatures
  Natasha (thrice) (D:2)
  3 gnolls (D:2)
  An ooze (D:1)
  3 worms
  A leopard gecko (D:1)
  2 orcs
  3 bats
  3 giant cockroaches
  11 goblins
  4 hobgoblins
  4 kobolds
  A quokka (D:2)
  6 rats
45 creatures vanquished.

Vanquished Creatures (others)
  An orc wizard (D:3)
  An orc priest (D:3)
  An orc (D:3)
3 creatures vanquished.

Grand Total: 48 creatures vanquished

Notes
Turn   | Place    | Note
-------+----------+-------------------------------------------
     0 | D:1      | DogServant the Hill Orc Monk began the quest for the Orb.
     0 | D:1      | Reached XP level 1. HP: 19/19 MP: 1/1
   135 | D:1      | Reached XP level 2. HP: 25/27 MP: 2/2
   704 | D:1      | Reached XP level 3. HP: 34/34 MP: 3/3
   792 | D:2      | Reached skill level 5 in Axes
   994 | D:2      | Reached XP level 4. HP: 41/41 MP: 4/4
  1273 | D:2      | Noticed Natasha
  1279 | D:2      | Killed Natasha
  1279 | D:2      | Reached skill level 5 in Fighting
  1832 | D:2      | Noticed Natasha
  1845 | D:2      | Killed Natasha
  1845 | D:2      | Reached XP level 5. HP: 31/48 MP: 5/5
  2239 | D:2      | Noticed Natasha
  2246 | D:2      | Killed Natasha
  2246 | D:2      | Reached skill level 6 in Axes
  3172 | D:3      | Became a worshipper of Beogh the Brigand
  3172 | D:3      | Reached * piety under Beogh
  3172 | D:3      | Reached ** piety under Beogh
  3189 | D:3      | Noticed Sigmund
  3660 | D:4      | Noticed Purgy
  3668 | D:5      | Entered Level 5 of the Dungeon
  3675 | D:5      | Noticed an ice beast
  3698 | D:5      | Slain by an ice beast

Illustrated notes

Levels and vault maps discovered:
D:1:      wander_arrival_desolate, layout_rooms
D:2:      layout_basic, uniq_natasha
D:3:      layout_loops_ring, grunt_decor_one_mirror, uniq_sigmund
D:4:      layout_rooms, uniq_purgy, uniq_crazy_yiuf_cottage
D:5:      layout_loops_ring, nicolae_ashenzari_panopticon

Skill      XL: |  1  2  3  4  5 |
---------------+----------------+-----
Fighting       | 4 5 |  5.5
Axes           | 5 6 |  6.2
Armour         | |  0.3
Dodging        | |  2.4
Stealth        | |  1.5
Invocations    | |  0.5

Action                   |  1- 3 |  4- 6 || total
-------------------------+-------+-------++-------
Melee: Hand axe          |    75 |    98 ||   173
Invok: Convert to Beogh  |       |     1 ||     1
  Use: Potion            |     1 |     1 ||     2
       Scroll            |       |     2 ||     2
 Stab: Sleeping          |     3 |     2 ||     5
Armor: Robe              |    13 |     4 ||    17
       Leather armour    |       |     4 ||     4
Dodge: Dodged            |    56 |    61 ||   117

Table legend: (Time is in decaauts)
 A = Elapsed time spent in this place.
 B = Non-inter-level travel time spent in this place.
 C = Inter-level travel time spent in this place.
 D = Time resting spent in this place.
 E = Time spent auto-exploring this place.
 F = Levels seen in this place.
 G = Mean time per level.
                   A        B        C        D        E       F      G
               +--------+--------+--------+--------+--------+-----+--------+
         Total |   3702 |   3621 |     81 |    272 |   2844 |   5 |  740.4 |
       Dungeon |   3702 |   3621 |     81 |    272 |   2844 |   5 |  740.4 |
               +--------+--------+--------+--------+--------+-----+--------+

Top non-repeatable levels by time:
     D:2: 2431 daAuts
     D:1: 727 daAuts
     D:3: 503 daAuts
     D:5: 28 daAuts
     D:4: 10 daAuts
